 Dungeon Crawl Stone Soup version 0.27-a0-1217-g8a41f320e8 (webtiles) character file.

Game seed: 9097284145267575686

1484 bande the Chopper (level 8, -4/48 HPs)
             Began as a Gargoyle Fighter on June 5, 2021.
             Slain by a two-headed ogre
             ... wielding a +0 giant club
              (16 damage)
             ... on level 6 of the Dungeon.
             The game lasted 00:10:15 (6524 turns).

bande the Chopper (Gargoyle Fighter)                Turns: 6524, Time: 00:10:16

Health: -4/48      AC: 18    Str: 28    XL:     8   Next: 79%
Magic:  8/8        EV:  7    Int:  8    God:
Gold:   243        SH: 11    Dex: 10    Spells: 7/7 levels left

rFire    . . .     SeeInvis .   a - +1 war axe
rCold    + . .     Faith    .   c - +0 kite shield
rNeg     + . .     Spirit   .   g - +0 chain mail
rPois    ∞         Reflect  .   b - +0 helmet
rElec    +         Harm     .   o - +0 cloak
rCorr    .         Rampage  .   (no gloves)
Will     .....                  (no boots)
Stlth    ..........             j - amulet of regeneration
HPRegen  1.16/turn              f - +6 ring of strength
MPRegen  0.11/turn              h - ring of protection from cold

@: no status effects
A: sickness immunity, AC +5, negative energy resistance 1, electricity
resistance, torment resistance 1, petrification resistance
a: no special abilities


You were on level 6 of the Dungeon.
You visited 2 branches of the dungeon, and saw 7 of its levels.

You collected 243 gold pieces.

Inventory:

Hand Weapons
 a - a +1 war axe (weapon)
 e - a +2 flail
Missiles
 m - 8 boomerangs of dispersal (quivered)
Armour
 b - a +0 helmet (worn)
 c - a +0 kite shield (worn)
 g - a +0 chain mail (worn)
 o - a +0 cloak (worn)
Jewellery
 f - a +6 ring of strength (left hand)
 h - a ring of protection from cold (right hand)
 j - an amulet of regeneration (around neck)
Wands
 n - a wand of iceblast (6)
 s - a wand of digging (4)
Scrolls
 k - 4 scrolls of identify
 l - a scroll of teleportation
 q - a scroll of summoning
 r - a scroll of immolation {unknown}
Potions
 d - a potion of might
 i - a potion of brilliance
 p - a potion of flight


   Skills:
 + Level 4.9 Fighting
 + Level 6.3 Axes
 + Level 6.1 Armour
 + Level 1.4 Dodging
 + Level 5.7 Shields
 * Level 2.7 Evocations


You had 7 spell levels left.
You didn't know any spells.
Your spell library contained the following spells:

 Spells                   Type           Power      Damage    Failure   Level
 Sandblast                Erth           0%         2d4       100%        1
 Passwall                 Tmut/Erth      0%         N/A       100%        2
 Stone Arrow              Conj/Erth      0%         3d7       100%        3
 Petrify                  Tmut/Erth      0%         N/A       100%        4
 Lee's Rapid Deconstruct  Erth           0%         3d5*      100%        5


Dungeon Overview and Level Annotations

Branches:
Dungeon (6/15)             Temple (1/1) D:6

Altars:
Ashenzari
Cheibriados
Dithmenos
Elyvilon
Gozag
Hepliaklqana
Kikubaaqudgha
Nemelex Xobeh
Ru
Sif Muna
Uskayaw
Vehumet
Wu Jian
Xom
The Shining One


Innate Abilities, Weirdness & Mutations

You are immune to sickness and miasma.
Your stone body is resilient. (AC +5)
You are immune to poison.
You resist negative energy. (rN+)
You are resistant to electric shocks. (rElec)
You are resistant to unholy torment.
You are immune to petrification.


Message History

Found a scale mail.
Found a leather armour.
You see here a +0 leather armour.
You now have 243 gold pieces (gained 19).
You open the door.
There is an open door here.
You open the door.
There is an open door here.
You open the door.
There is an open door here.
There is an open door here.
You open the door.
There is an open door here.
A two-headed ogre comes into view.
It is wielding a +0 giant club and a +0 dire flail.
The two-headed ogre shouts in stereo!
Your chain mail prevents you from hitting the two-headed ogre.
The two-headed ogre hits you with a +0 giant club!
The two-headed ogre hits you with a +0 dire flail.
You slash the two-headed ogre!
The two-headed ogre is lightly wounded.
You block the two-headed ogre's attack. x2
You hit the two-headed ogre but do no damage.
The two-headed ogre is lightly wounded.
The two-headed ogre closely misses you.
The two-headed ogre hits you with a +0 dire flail.
A sky beast comes into view.
You hit the two-headed ogre.
The two-headed ogre is moderately wounded.
The two-headed ogre hits you but does no damage.
The two-headed ogre hits you with a +0 dire flail!!
You slash the two-headed ogre!
The two-headed ogre is heavily wounded.
The two-headed ogre hits you but does no damage.
The two-headed ogre hits you with a +0 dire flail.
* * * LOW HITPOINT WARNING * * *
You slash the two-headed ogre!
The two-headed ogre is severely wounded.
The two-headed ogre hits you but does no damage.
The two-headed ogre hits you with a +0 dire flail!
You die...

#+#########.##...#....##
.........#......#......#
.........#......#......#
.........#......#......#
.........#......#...<..#
.........#......#......#
+##.########.#..##....##
.##.####........###+####
................@O......
...........♣♣♣..........
#####.##.....♣..####..##..
#####.##..♣..♣..####..##..
....#.......♣......#.....
....'..............+....
#..###............##..#
#..###..####.##...##..##
.....#....#............+


You could see a two-headed ogre.

Vanquished Creatures
  A hornet zombie (D:5)
  4 ogres
  A necrophage (D:5)
  A centaur (D:6)
  A phantom (D:5)
  A wyvern skeleton (D:5)
  5 wights
  3 hounds
  A bullfrog skeleton (D:5)
  4 iguanas
  A hound zombie (D:5)
  A howler monkey zombie (D:3)
  Robin (D:1)
  6 gnolls
  7 adders
  4 white imps
  An adder skeleton (D:4)
  2 worms (D:2)
  5 dart slugs
  16 orcs
  9 endoplasms
  3 giant cockroaches
  11 goblins
  5 hobgoblins
  4 jackals (D:4)
  7 kobolds
  3 quokkas
  6 ball pythons
  6 bats
  2 frilled lizards (D:2)
  6 rats
128 creatures vanquished.

Notes
Turn   | Place    | Note
-------+----------+-------------------------------------------
     0 | D:1      | bande the Gargoyle Fighter began the quest for the Orb.
     0 | D:1      | Reached XP level 1. HP: 14/14 MP: 1/1
    19 | D:1      | Found a faded altar of an unknown god.
   153 | D:1      | Reached XP level 2. HP: 19/19 MP: 2/2
   988 | D:2      | Noticed Robin
   992 | D:2      | Reached XP level 3. HP: 23/23 MP: 3/3
  1114 | D:1      | Killed Robin
  1690 | D:2      | Reached XP level 4. HP: 18/29 MP: 4/4
  2616 | D:3      | Found a shimmering altar of Xom.
  2718 | D:3      | Found a shadowy altar of Dithmenos.
  3488 | D:4      | Noticed an ogre
  3500 | D:3      | Killed an ogre
  3501 | D:3      | Reached XP level 5. HP: 28/33 MP: 5/5
  3689 | D:4      | Reached skill level 1 in Dodging
  3689 | D:4      | Reached XP level 6. HP: 38/38 MP: 6/6
  4505 | D:5      | Entered Level 5 of the Dungeon
  4736 | D:5      | Reached XP level 7. HP: 18/43 MP: 7/7
  5185 | D:5      | Found a white marble altar of Elyvilon.
  5185 | D:5      | Found a glowing golden altar of the Shining One.
  5310 | D:5      | Reached skill level 5 in Armour
  5326 | D:5      | Reached skill level 5 in Axes
  5326 | D:5      | Reached skill level 1 in Evocations
  5387 | D:5      | Reached skill level 5 in Shields
  5509 | D:4      | Reached XP level 8. HP: 29/48 MP: 8/8
  5913 | D:6      | Found a staircase to the Ecumenical Temple.
  5931 | Temple   | Entered the Ecumenical Temple
  6516 | D:6      | Noticed a two-headed ogre
  6524 | D:6      | Slain by a two-headed ogre

Illustrated notes

Levels and vault maps discovered:
D:1:      dpeg_arrival_arbitrary_c, layout_loops_ring,
          hellmonk_ecumenical_altar_arch_garden
D:2:      minmay_general_purpose_star, layout_loops_ring, uniq_robin
D:3:      layout_basic, lemuel_coloured_pillars_altar, overflow_temple_1_default
D:4:      layout_basic
D:5:      layout_basic, gammafunk_temple_overflow_wave
D:6:      layout_gridville, minmay_temple_entry_mini_moons, chequers_garden
Temple:   minmay_temple_curvy_loop

Skill      XL: |  1  2  3  4  5  6  7  8 |
---------------+-------------------------+-----
Axes           | 2 3 4 5 6 |  6.3
Armour         | 4 5 6 |  6.1
Shields        | 4 5 |  5.7
Dodging        | 1 |  1.4
Fighting       | 4 |  4.9
Evocations     | 1 2 |  2.7

Action                   |  1- 3 |  4- 6 |  7- 9 || total
-------------------------+-------+-------+-------++-------
Melee: War axe           |   112 |   198 |   160 ||   470
Evoke: Wand              |       |       |     2 ||     2
  Use: Scroll            |     1 |     7 |     2 ||    10
       Potion            |       |     3 |     1 ||     4
Armor: Scale mail        |    38 |       |       ||    38
       Chain mail        |    43 |   163 |   113 ||   319
Dodge: Dodged            |    45 |    58 |    73 ||   176
Block: Kite shield       |    79 |   131 |   126 ||   336

Table legend: (Time is in decaauts)
 A = Elapsed time spent in this place.
 B = Non-inter-level travel time spent in this place.
 C = Inter-level travel time spent in this place.
 D = Time resting spent in this place.
 E = Time spent auto-exploring this place.
 F = Levels seen in this place.
 G = Mean time per level.
                   A        B        C        D        E       F      G
               +--------+--------+--------+--------+--------+-----+--------+
         Total |   6780 |   6669 |    111 |   1069 |   4129 |   7 |  968.6 |
       Dungeon |   6545 |   6434 |    111 |   1069 |   3933 |   6 | 1090.8 |
        Temple |    234 |    234 |      0 |      0 |    196 |   1 |  234.0 |
               +--------+--------+--------+--------+--------+-----+--------+

Top non-repeatable levels by time:
     D:2: 1347 daAuts
     D:5: 1343 daAuts
     D:1: 1275 daAuts
     D:4: 1127 daAuts
     D:3: 1042 daAuts
     D:6: 409 daAuts
  Temple: 234 daAuts
